CHICOUTIMI MASTODONTES vs QUEBEC NATIONAL

Created - 6 mai 2024 at 21:00

Goals
1 2 3 T
CHICOUTIMI MASTODONTES 1 1 1 3
QUEBEC NATIONAL 1 1 2 4
Shots
1 2 3 T
CHICOUTIMI MASTODONTES 6 7 4 17
QUEBEC NATIONAL 20 10 18 48

1st period

1. QUEBEC NATIONAL , Carl Grundstrom 2 (Tye Kartye 3) at 3:09 (PP)
2. CHICOUTIMI MASTODONTES , Andrew Agozzino 2 (Brett Ritchie 1, Eddie Wittchow 1) at 18:30 (PP)

Penalties :
Jett Woo (CHI) for Tripping (Minor) at 2:19, Jett Woo (CHI) for Cross-checking (Minor) at 4:59, Andrew Agozzino (CHI) for Interference (Minor) at 8:45, Alex Petrovic (QUE) for Cross-checking (Minor) at 16:38

2nd period

3. QUEBEC NATIONAL , Evgeny Svechnikov 5 (Riley Tufte 3, Pontus Holmberg 4) at 3:43
4. CHICOUTIMI MASTODONTES , Brett Ritchie 3 (Andrew Agozzino 3, Steven Fogarty 3) at 10:00 (PP)

Penalties :
Jake Bean (QUE) for Hooking (Minor) at 1:27, Riley Tufte (QUE) for Holding (Minor) at 9:38, Carl Grundstrom (QUE) for Interference (Minor) at 12:37, Zach Giuttari (CHI) for Cross-checking (Minor) at 16:51, Eddie Wittchow (CHI) for Hooking (Minor) at 19:42

3rd period

5. QUEBEC NATIONAL , Pontus Holmberg 1 (Riley Tufte 4, Evgeny Svechnikov 2) at 6:15
6. CHICOUTIMI MASTODONTES , Steven Fogarty 2 (Andrew Agozzino 4, Brett Ritchie 2) at 9:02 (PP)
7. QUEBEC NATIONAL , Tye Kartye 1 (Carl Grundstrom 5, Oliver Wahlstrom 2) at 15:12 (PP)

Penalties :
Carl Grundstrom (QUE) for Diving (Minor) at 7:21, Eddie Wittchow (CHI) for Goalie Interference (Minor) at 10:55, Anthony Bitetto (CHI) for Hooking (Minor) at 14:07, Riley Tufte (QUE) for Roughing (Double Minor) at 16:38

Goalie Stats

Yaroslav Askarov (CHI), 44 saves from 48 shots - (0,917), L, 1-4-0, 59:52 minutes
Jaxson Stauber (QUE), 14 saves from 17 shots - (0,824), W, 3-1-0, 60:00 minutes

Players Stats for CHICOUTIMI MASTODONTES

Player Name              G  A  P  +/- PIM S  H  SB GA TA FO     MP     PP MP  PK MP  
------------------------------------------------------------------------------------
Alexander Alexeyev       0  0  0   0  0   0  0  1  0  0  0/0    18:34   5:41   1:24 
Andrew Agozzino          1  2  3   0  2   3  0  0  0  0  13/20  15:05   5:55   0:13 
Andrew Welinski          0  0  0   0  0   0  0  0  0  0  0/0     7:18   0:05   4:32 
Andy Andreoff            0  0  0  -1  0   0  1  0  0  0  13/22  20:48   5:14   4:54 
Anthony Bitetto          0  0  0  -1  2   0  2  2  0  0  0/0    15:09   0:05   5:38 
Brett Ritchie            1  2  3   0  0   4  0  0  0  0  1/2    20:17   5:55   5:24 
Cameron Hebig            0  0  0  -1  0   0  0  0  0  0  1/1     9:37   0:05   0:00 
Eddie Wittchow           0  1  1  -1  4   0  7  4  0  0  0/0    26:47   5:41   4:02 
Guillaume Brisebois      0  0  0   0  0   0  0  0  0  0  0/0     0:00   0:00   0:00 
Ivan Morozov             0  0  0   0  0   0  0  0  0  0  0/1     2:20   0:47   0:00 
Jett Woo                 0  0  0  -1  4   1  6  7  0  0  0/0    24:14   5:28   2:47 
Justin Richards          0  0  0  -1  0   1  0  2  0  0  3/13    9:32   0:00   0:00 
Kyle Rau                 0  0  0   0  0   1  0  0  0  0  0/0     9:35   0:05   1:44 
Logan Hutsko             0  0  0   0  0   0  0  0  0  0  0/0     7:46   0:00   0:00 
Malte Stromwall          0  0  0  -1  0   2  0  0  0  0  0/0    15:54   5:14   0:00 
Steven Fogarty           1  1  2  -1  0   3  0  0  0  0  0/0    29:31   5:55   5:32 
Tanner Fritz             0  0  0  -1  0   2  1  0  0  0  13/26  27:44   4:32   5:53 
Zach Giuttari            0  0  0  -1  2   0  3  8  0  0  0/0    27:52   5:28   5:17 

Players Stats for QUEBEC NATIONAL

Player Name              G  A  P  +/- PIM S  H  SB GA TA FO     MP     PP MP  PK MP  
------------------------------------------------------------------------------------
Alex Petrovic            0  0  0   0  2   1  1  0  0  0  0/0    24:42   5:37   4:42 
Axel Jonsson-Fjallby     0  0  0   0  0   0  0  0  0  0  0/4     6:01   0:00   2:04 
Ben Jones                0  0  0   0  0   3  0  0  0  0  13/25  21:50   5:59   5:15 
Brandon Biro             0  0  0   0  0   0  0  0  0  0  0/0     1:27   1:27   0:00 
Brett Leason             0  0  0   0  0   0  1  0  0  0  0/0     3:57   0:00   0:00 
Carl Grundstrom          1  1  2   0  4   4  5  0  0  0  0/3    18:36   5:00   3:23 
Evgeny Svechnikov        1  1  2   2  0   4  0  0  0  0  2/2    12:08   0:00   0:00 
Jake Bean                0  0  0   2  2   0  1  0  0  0  0/0    12:33   0:47   0:00 
Jesse Puljujarvi         0  0  0   0  0   4  4  0  0  0  1/1    21:52   5:35   5:41 
Lucas Carlsson           0  0  0   0  0   3  1  0  0  0  0/0    22:40   6:13   5:42 
Nils Lundkvist           0  0  0   0  0   3  0  2  0  0  0/0    22:25   5:46   5:54 
Oliver Wahlstrom         0  1  1   0  0   2  2  0  0  0  1/1    16:06   5:51   0:00 
Pontus Holmberg          1  1  2   2  0   1  0  0  0  0  9/11   12:17   0:00   0:09 
Riley Tufte              0  2  2   2  6   1  0  0  0  0  0/0    12:06   0:00   0:00 
Thomas Harley            0  0  0   2  0   1  0  0  0  0  0/0    12:25   0:00   0:38 
Timothy Liljegren        0  0  0   0  0   6  0  3  0  0  0/0    25:13   5:17   5:32 
Tye Kartye               1  1  2   0  0   3  0  0  0  0  13/23  16:06   5:51   0:00 
Zach Benson              0  0  0   0  0   12 2  1  0  0  2/15   26:16   5:47   5:56 

3 Stars

1 - Pontus Holmberg (QUE)
2 - Evgeny Svechnikov (QUE)
3 - Brett Ritchie (CHI)

Power Play

CHICOUTIMI MASTODONTES - 3 on 7 Attempt(s) - 42,86%
QUEBEC NATIONAL - 2 on 7 Attempt(s) - 28,57%

Penalty Kill

CHICOUTIMI MASTODONTES - 5 on 7 Attempt(s) - 71,43% - Score 0 goal in Penalty Kill
QUEBEC NATIONAL - 4 on 7 Attempt(s) - 57,14% - Score 0 goal in Penalty Kill

Team Stat

CHICOUTIMI MASTODONTES - Hits : 20 - Faceoff Wins : 44 - Blocked Shots : 24 - Penalty Minutes : 14
QUEBEC NATIONAL - Hits : 17 - Faceoff Wins : 41 - Blocked Shots : 6 - Penalty Minutes : 14

Official

Referees : Pierre Lambert and Kelly Sutherland
Linesman : Travis Toomey and David Brisebois

Game Notes

No Game Note

CHICOUTIMI MASTODONTES

5 vs 5 Forward 
   Center                   Left Wing                Right Wing               Time % Phy DF OF 
 1 Andrew Agozzino          Steven Fogarty           Brett Ritchie            36     1   2  2  
 2 Andy Andreoff            Tanner Fritz             Malte Stromwall          31     1   2  2  
 3 Tanner Fritz             Kyle Rau                 Logan Hutsko             23     1   2  2  
 4 Justin Richards          Cameron Hebig            Steven Fogarty           10     1   2  2  

5 vs 5 Defense 
   Defense                  Defense                                           Time % Phy DF OF 
 1 Eddie Wittchow           Alexander Alexeyev                                36     1   2  2  
 2 Zach Giuttari            Jett Woo                                          31     1   2  2  
 3 Anthony Bitetto          Eddie Wittchow                                    23     1   2  2  
 4 Eddie Wittchow           Zach Giuttari                                     10     1   2  2  

PowerPlay Forward 
   Center                   Left Wing                Right Wing               Time % Phy DF OF 
 1 Andrew Agozzino          Steven Fogarty           Brett Ritchie            55     1   2  2  
 2 Andy Andreoff            Tanner Fritz             Malte Stromwall          45     1   2  2  

PowerPlay Defense
   Defense                  Defense                                           Time % Phy DF OF 
 1 Eddie Wittchow           Alexander Alexeyev                                55     1   2  2  
 2 Zach Giuttari            Jett Woo                                          45     1   2  2  

Penalty Kill 4 Players Forward 
   Center                   Wing                     Time % Phy DF OF 
 1 Tanner Fritz             Steven Fogarty           55     1   2  2  
 2 Andy Andreoff            Brett Ritchie            45     1   2  2  

Penalty Kill 4 Players Defense
   Defense                  Defense                  Time % Phy DF OF 
 1 Eddie Wittchow           Anthony Bitetto          55     1   2  2  
 2 Zach Giuttari            Jett Woo                 45     1   2  2  

Penalty Kill - 3 Players Forward 
   Forward                                           Time % Phy DF OF 
 1 Brett Ritchie                                     55     1   2  2  
 2 Steven Fogarty                                    45     1   2  2  

Penalty Kill - 3 Players Defense
   Defense                  Defense                  Time % Phy DF OF 
 1 Eddie Wittchow           Anthony Bitetto          55     1   2  2  
 2 Zach Giuttari            Jett Woo                 45     1   2  2  

4 vs 4 Forward 
   Center                   Wing                     Time % Phy DF OF 
 1 Tanner Fritz             Steven Fogarty           55     1   2  2  
 2 Andy Andreoff            Brett Ritchie            45     1   2  2  

4 vs 4 Defense
   Defense                  Defense                  Time % Phy DF OF 
 1 Eddie Wittchow           Alexander Alexeyev       55     1   2  2  
 2 Zach Giuttari            Jett Woo                 45     1   2  2  

Last Minutes Offensive
   Center                   Left Wing                Right Wing               Defense                  Defense                  
   Andrew Agozzino          Steven Fogarty           Brett Ritchie            Eddie Wittchow           Alexander Alexeyev       

Last Minutes Defensive
   Center                   Left Wing                Right Wing               Defense                  Defense                  
   Andrew Agozzino          Steven Fogarty           Brett Ritchie            Eddie Wittchow           Alexander Alexeyev       

Goaltenders
Starting : Yaroslav Askarov         
Backup : Victor Brattstrom        

Extra Forwards
Normal : Ivan Morozov, Tanner Fritz, Kyle Rau - PP : Ivan Morozov, Tanner Fritz - PK : Kyle Rau
Extra Defensemen
Normal : Anthony Bitetto, Eddie Wittchow, Zach Giuttari - PP : Anthony Bitetto - PK : Eddie Wittchow, Zach Giuttari
Penalty Shots
Eddie Wittchow, Steven Fogarty, Andy Andreoff, Brett Ritchie, Andrew Agozzino

Scratches
Sampo Ranta (Healthy), Michael Lombardi (Healthy), Callum Booth (Healthy)

QUEBEC NATIONAL

5 vs 5 Forward 
   Center                   Left Wing                Right Wing               Time % Phy DF OF 
 1 Ben Jones                Zach Benson              Jesse Puljujarvi         36     1   2  2  
 2 Tye Kartye               Carl Grundstrom          Oliver Wahlstrom         31     1   2  2  
 3 Pontus Holmberg          Riley Tufte              Evgeny Svechnikov        23     1   2  2  
 4 Zach Benson              Axel Jonsson-Fjallby     Brett Leason             10     1   2  2  

5 vs 5 Defense 
   Defense                  Defense                                           Time % Phy DF OF 
 1 Timothy Liljegren        Alex Petrovic                                     36     1   2  2  
 2 Nils Lundkvist           Lucas Carlsson                                    31     1   2  2  
 3 Jake Bean                Thomas Harley                                     23     1   2  2  
 4 Timothy Liljegren        Alex Petrovic                                     10     1   2  2  

PowerPlay Forward 
   Center                   Left Wing                Right Wing               Time % Phy DF OF 
 1 Ben Jones                Zach Benson              Jesse Puljujarvi         55     1   2  2  
 2 Tye Kartye               Carl Grundstrom          Oliver Wahlstrom         45     1   2  2  

PowerPlay Defense
   Defense                  Defense                                           Time % Phy DF OF 
 1 Timothy Liljegren        Alex Petrovic                                     55     1   2  2  
 2 Nils Lundkvist           Lucas Carlsson                                    45     1   2  2  

Penalty Kill 4 Players Forward 
   Center                   Wing                     Time % Phy DF OF 
 1 Zach Benson              Jesse Puljujarvi         55     1   2  2  
 2 Carl Grundstrom          Ben Jones                45     1   2  2  

Penalty Kill 4 Players Defense
   Defense                  Defense                  Time % Phy DF OF 
 1 Timothy Liljegren        Alex Petrovic            55     1   2  2  
 2 Nils Lundkvist           Lucas Carlsson           45     1   2  2  

Penalty Kill - 3 Players Forward 
   Forward                                           Time % Phy DF OF 
 1 Zach Benson                                       55     1   2  2  
 2 Jesse Puljujarvi                                  45     1   2  2  

Penalty Kill - 3 Players Defense
   Defense                  Defense                  Time % Phy DF OF 
 1 Timothy Liljegren        Alex Petrovic            55     1   2  2  
 2 Nils Lundkvist           Lucas Carlsson           45     1   2  2  

4 vs 4 Forward 
   Center                   Wing                     Time % Phy DF OF 
 1 Zach Benson              Jesse Puljujarvi         55     1   2  2  
 2 Carl Grundstrom          Ben Jones                45     1   2  2  

4 vs 4 Defense
   Defense                  Defense                  Time % Phy DF OF 
 1 Timothy Liljegren        Alex Petrovic            55     1   2  2  
 2 Nils Lundkvist           Lucas Carlsson           45     1   2  2  

Last Minutes Offensive
   Center                   Left Wing                Right Wing               Defense                  Defense                  
   Ben Jones                Zach Benson              Jesse Puljujarvi         Timothy Liljegren        Alex Petrovic            

Last Minutes Defensive
   Center                   Left Wing                Right Wing               Defense                  Defense                  
   Ben Jones                Zach Benson              Jesse Puljujarvi         Timothy Liljegren        Alex Petrovic            

Goaltenders
Starting : Jaxson Stauber           
Backup : Jonas Johansson          

Extra Forwards
Normal : Brandon Biro, Riley Tufte, Axel Jonsson-Fjallby - PP : Brandon Biro, Riley Tufte - PK : Axel Jonsson-Fjallby
Extra Defensemen
Normal : Jake Bean, Thomas Harley, Nils Lundkvist - PP : Jake Bean - PK : Thomas Harley, Nils Lundkvist
Penalty Shots
Zach Benson, Jesse Puljujarvi, Carl Grundstrom, Ben Jones, Tye Kartye

Scratches
Henrik Borgstrom (Healthy), Brandon Scanlin (Healthy), Brayden Pachal (Healthy), Arshdeep Bains (Healthy), Martin Kaut (Healthy)
Hunter McKown (Healthy), Samuel Fagemo (Healthy), Tyler Angle (Healthy), Luke Toporowski (Healthy), Owen Beck (Healthy)
William Stromgren (Healthy), Hunter Shepard (Healthy)

% Time on Ice - CHICOUTIMI MASTODONTES

Lines # - Real PCT - Wanted PCT - Time Play
Normal Forward
1 - 24% - 36% - 8:58
2 - 29% - 31% - 10:40
3 - 21% - 23% - 7:46
4 - 26% - 10% - 9:32
Normal Defense
1 - 31% - 36% - 11:29
2 - 43% - 31% - 16:01
3 - 23% - 23% - 8:35
4 - 2% - 10% - 0:51
PP Forward
1 - 53% - 55% - 6:00
2 - 47% - 45% - 5:14
PP Defense
1 - 51% - 55% - 5:46
2 - 49% - 45% - 5:28
PK Forward
1 - 54% - 55% - 6:26
2 - 46% - 45% - 5:24
PK Defense
1 - 56% - 55% - 6:35
2 - 44% - 45% - 5:15
PK3 Forward
1 - 0% - 55%
2 - 0% - 45%
PK3 Defense
1 - 0% - 55%
2 - 0% - 45%
44 Forward
1 - 0% - 55%
2 - 0% - 45%
44 Defense
1 - 0% - 55%
2 - 0% - 45%
Last Minute Offensive  - 0:00
Last Minute Defensive  - 0:00
Total
Forward - 60:00
Defense - 60:00

% Time on Ice - QUEBEC NATIONAL

Lines # - Real PCT - Wanted PCT - Time Play
Normal Forward
1 - 29% - 36% - 10:36
2 - 28% - 31% - 10:15
3 - 33% - 23% - 12:08
4 - 11% - 10% - 3:57
Normal Defense
1 - 37% - 36% - 13:41
2 - 29% - 31% - 10:45
3 - 32% - 23% - 11:47
4 - 2% - 10% - 0:43
PP Forward
1 - 51% - 55% - 5:59
2 - 49% - 45% - 5:51
PP Defense
1 - 47% - 55% - 5:37
2 - 53% - 45% - 6:13
PK Forward
1 - 53% - 55% - 5:59
2 - 47% - 45% - 5:15
PK Defense
1 - 49% - 55% - 5:32
2 - 51% - 45% - 5:42
PK3 Forward
1 - 0% - 55%
2 - 0% - 45%
PK3 Defense
1 - 0% - 55%
2 - 0% - 45%
44 Forward
1 - 0% - 55%
2 - 0% - 45%
44 Defense
1 - 0% - 55%
2 - 0% - 45%
Last Minute Offensive  - 0:00
Last Minute Defensive  - 0:00
Total
Forward - 60:00
Defense - 60:00

Play-by-Play

1st period


0:01 of 1st period - Jesse Puljujarvi wins face-off versus Andrew Agozzino in neutral zone.
0:26 of 1st period - Shot by Zach Benson.
0:26 of 1st period - Stopped by Yaroslav Askarov without a rebound.
0:27 of 1st period - Andy Andreoff wins face-off versus Tye Kartye in CHICOUTIMI MASTODONTES zone.
0:27 of 1st period - Malte Stromwall is hit by Carl Grundstrom.
0:35 of 1st period - Shot by Tanner Fritz.
0:35 of 1st period - Deflect By Malte Stromwall.
0:35 of 1st period - Shot Blocked by Nils Lundkvist.
0:45 of 1st period - Shot by Malte Stromwall.
0:45 of 1st period - Stopped by Jaxson Stauber without a rebound.
0:46 of 1st period - Pontus Holmberg wins face-off versus Justin Richards in QUEBEC NATIONAL zone.
0:59 of 1st period - Shot by Steven Fogarty.
0:59 of 1st period - Stopped by Jaxson Stauber without a rebound.
1:00 of 1st period - Tanner Fritz wins face-off versus Zach Benson in QUEBEC NATIONAL zone.
1:05 of 1st period - Shot by Tanner Fritz.
1:05 of 1st period - Shot Misses the Net.
1:10 of 1st period - Axel Jonsson-Fjallby is hit by Eddie Wittchow and loses puck.
1:21 of 1st period - Kyle Rau is hit by Zach Benson and loses puck.
1:28 of 1st period - Shot by Brett Leason.
1:28 of 1st period - Shot Misses the Net.
1:30 of 1st period - Shot by Alex Petrovic.
1:30 of 1st period - Shot Blocked by Eddie Wittchow.
1:32 of 1st period - Shot by Alex Petrovic.
1:32 of 1st period - Shot Blocked by Eddie Wittchow.
1:37 of 1st period - Zach Benson is hit by Eddie Wittchow and loses puck.
1:59 of 1st period - Tye Kartye is hit by Anthony Bitetto and loses puck.
2:19 of 1st period - Minor Penalty to Jett Woo for Tripping.
2:20 of 1st period - Tanner Fritz wins face-off versus Ben Jones in CHICOUTIMI MASTODONTES zone.
2:39 of 1st period - Off-side.
2:40 of 1st period - Andy Andreoff wins face-off versus Tye Kartye in neutral zone.
2:40 of 1st period - Brett Ritchie is hit by Oliver Wahlstrom and loses puck.
3:09 of 1st period - Shot by Carl Grundstrom.
3:09 of 1st period - Goal by Carl Grundstrom - CHICOUTIMI MASTODONTES : 0 - QUEBEC NATIONAL : 1.
3:10 of 1st period - Pontus Holmberg wins face-off versus Justin Richards in neutral zone.
3:18 of 1st period - Icing by Alexander Alexeyev.
3:19 of 1st period - Cameron Hebig wins face-off versus Ben Jones in CHICOUTIMI MASTODONTES zone.
4:27 of 1st period - Shot by Riley Tufte.
4:27 of 1st period - Stopped by Yaroslav Askarov without a rebound.
4:28 of 1st period - Tye Kartye wins face-off versus Tanner Fritz in CHICOUTIMI MASTODONTES zone.
4:57 of 1st period - Shot by Tye Kartye.
4:57 of 1st period - Stopped by Yaroslav Askarov without a rebound.
4:58 of 1st period - Pontus Holmberg wins face-off versus Andrew Agozzino in CHICOUTIMI MASTODONTES zone.
4:58 of 1st period - Pontus Holmberg is hit by Jett Woo.
4:59 of 1st period - Minor Penalty to Jett Woo for Cross-checking.
5:00 of 1st period - Andy Andreoff wins face-off versus Ben Jones in CHICOUTIMI MASTODONTES zone.
6:01 of 1st period - Shot by Nils Lundkvist.
6:01 of 1st period - Shot Hit the Post.
6:03 of 1st period - Shot by Nils Lundkvist.
6:03 of 1st period - Shot Misses the Net.
7:13 of 1st period - Shot by Pontus Holmberg.
7:13 of 1st period - Shot Misses the Net.
7:53 of 1st period - Off-side.
7:54 of 1st period - Tye Kartye wins face-off versus Andy Andreoff in neutral zone.
8:23 of 1st period - Eddie Wittchow is hit by Carl Grundstrom and loses puck.
8:45 of 1st period - Minor Penalty to Andrew Agozzino for Interference.
8:46 of 1st period - Andy Andreoff wins face-off versus Ben Jones in CHICOUTIMI MASTODONTES zone.
9:35 of 1st period - Shot by Carl Grundstrom.
9:35 of 1st period - Shot Misses the Net.
9:37 of 1st period - Shot by Carl Grundstrom.
9:37 of 1st period - Shot Misses the Net.
10:07 of 1st period - Shot by Jesse Puljujarvi.
10:07 of 1st period - Stopped by Yaroslav Askarov without a rebound.
10:08 of 1st period - Tye Kartye wins face-off versus Andy Andreoff in CHICOUTIMI MASTODONTES zone.
10:08 of 1st period - Brandon Biro is hit by Jett Woo and loses puck.
10:19 of 1st period - Shot by Tye Kartye.
10:19 of 1st period - Shot Blocked by Jett Woo.
10:21 of 1st period - Shot by Timothy Liljegren.
10:21 of 1st period - Shot Misses the Net.
10:23 of 1st period - Shot by Timothy Liljegren.
10:23 of 1st period - Stopped by Yaroslav Askarov without a rebound.
10:24 of 1st period - Ben Jones wins face-off versus Andy Andreoff in CHICOUTIMI MASTODONTES zone.
10:27 of 1st period - Shot by Ben Jones.
10:27 of 1st period - Stopped by Yaroslav Askarov without a rebound.
10:28 of 1st period - Ben Jones wins face-off versus Andy Andreoff in CHICOUTIMI MASTODONTES zone.
10:56 of 1st period - Shot by Evgeny Svechnikov.
10:56 of 1st period - Shot Misses the Net.
11:10 of 1st period - Shot by Steven Fogarty.
11:10 of 1st period - Stopped by Jaxson Stauber without a rebound.
11:11 of 1st period - Andy Andreoff wins face-off versus Carl Grundstrom in QUEBEC NATIONAL zone.
11:12 of 1st period - Shot by Tanner Fritz.
11:12 of 1st period - Stopped by Jaxson Stauber without a rebound.
11:13 of 1st period - Andy Andreoff wins face-off versus Tye Kartye in QUEBEC NATIONAL zone.
12:02 of 1st period - Shot by Zach Benson.
12:02 of 1st period - Shot Misses the Net.
12:16 of 1st period - Shot by Zach Benson.
12:16 of 1st period - Shot Blocked by Zach Giuttari.
12:18 of 1st period - Shot by Ben Jones.
12:18 of 1st period - Shot Blocked by Jett Woo.
12:24 of 1st period - Shot by Jesse Puljujarvi.
12:24 of 1st period - Shot Misses the Net.
12:26 of 1st period - Shot by Nils Lundkvist.
12:26 of 1st period - Stopped by Yaroslav Askarov with a rebound.
12:28 of 1st period - Shot by Ben Jones.
12:28 of 1st period - Shot Misses the Net.
12:30 of 1st period - Shot by Lucas Carlsson.
12:30 of 1st period - Shot Blocked by Jett Woo.
12:32 of 1st period - Shot by Lucas Carlsson.
12:32 of 1st period - Stopped by Yaroslav Askarov with a rebound.
12:34 of 1st period - Shot by Nils Lundkvist.
12:34 of 1st period - Stopped by Yaroslav Askarov with a rebound.
13:03 of 1st period - Icing by Andrew Agozzino.
13:04 of 1st period - Andrew Agozzino wins face-off versus Zach Benson in CHICOUTIMI MASTODONTES zone.
13:10 of 1st period - Andrew Agozzino is hit by Brett Leason and loses puck.
13:20 of 1st period - Zach Benson is hit by Eddie Wittchow and loses puck.
13:26 of 1st period - Brett Leason is hit by Anthony Bitetto.
13:28 of 1st period - Shot by Axel Jonsson-Fjallby.
13:28 of 1st period - Shot Misses the Net.
13:30 of 1st period - Shot by Axel Jonsson-Fjallby.
13:30 of 1st period - Shot Misses the Net.
13:32 of 1st period - Shot by Alex Petrovic.
13:32 of 1st period - Stopped by Yaroslav Askarov with a rebound.
13:52 of 1st period - Shot by Carl Grundstrom.
13:52 of 1st period - Shot Misses the Net.
13:54 of 1st period - Shot by Thomas Harley.
13:54 of 1st period - Stopped by Yaroslav Askarov with a rebound.
13:59 of 1st period - Tye Kartye is hit by Eddie Wittchow and loses puck.
14:12 of 1st period - Shot by Oliver Wahlstrom.
14:12 of 1st period - Shot Misses the Net.
14:30 of 1st period - Shot by Evgeny Svechnikov.
14:30 of 1st period - Stopped by Yaroslav Askarov without a rebound.
14:31 of 1st period - Pontus Holmberg wins face-off versus Ivan Morozov in CHICOUTIMI MASTODONTES zone.
14:32 of 1st period - Shot by Nils Lundkvist.
14:32 of 1st period - Shot Blocked by Jett Woo.
14:34 of 1st period - Shot by Evgeny Svechnikov.
14:34 of 1st period - Shot Misses the Net.
14:51 of 1st period - Off-side.
14:52 of 1st period - Ben Jones wins face-off versus Tanner Fritz in neutral zone.
14:58 of 1st period - Shot by Zach Benson.
14:58 of 1st period - Stopped by Yaroslav Askarov with a rebound.
15:00 of 1st period - Shot by Zach Benson.
15:00 of 1st period - Stopped by Yaroslav Askarov with a rebound.
15:02 of 1st period - Shot by Zach Benson.
15:02 of 1st period - Stopped by Yaroslav Askarov with a rebound.
15:04 of 1st period - Shot by Ben Jones.
15:04 of 1st period - Stopped by Yaroslav Askarov without a rebound.
15:05 of 1st period - Andy Andreoff wins face-off versus Pontus Holmberg in CHICOUTIMI MASTODONTES zone.
15:14 of 1st period - Shot by Tanner Fritz.
15:14 of 1st period - Shot Misses the Net.
15:55 of 1st period - Shot by Ben Jones.
15:55 of 1st period - Shot Hit the Post.
15:57 of 1st period - Shot by Zach Benson.
15:57 of 1st period - Deflect By Jesse Puljujarvi.
15:57 of 1st period - Stopped by Yaroslav Askarov without a rebound.
15:58 of 1st period - Tye Kartye wins face-off versus Justin Richards in CHICOUTIMI MASTODONTES zone.
16:09 of 1st period - Icing by Jett Woo.
16:10 of 1st period - Ben Jones wins face-off versus Justin Richards in CHICOUTIMI MASTODONTES zone.
16:33 of 1st period - Shot by Justin Richards.
16:33 of 1st period - Shot Misses the Net.
16:35 of 1st period - Shot by Jett Woo.
16:35 of 1st period - Stopped by Jaxson Stauber without a rebound.
16:36 of 1st period - Andrew Agozzino wins face-off versus Tye Kartye in QUEBEC NATIONAL zone.
16:38 of 1st period - Minor Penalty to Alex Petrovic for Cross-checking.
16:39 of 1st period - Andrew Agozzino wins face-off versus Zach Benson in QUEBEC NATIONAL zone.
16:42 of 1st period - Shot by Andrew Agozzino.
16:42 of 1st period - Shot Blocked by Timothy Liljegren.
17:44 of 1st period - Shot by Malte Stromwall.
17:44 of 1st period - Shot Blocked by Nils Lundkvist.
18:10 of 1st period - Alexander Alexeyev is hit by Jesse Puljujarvi and loses puck.
18:28 of 1st period - Shot by Brett Ritchie.
18:28 of 1st period - Shot Misses the Net.
18:30 of 1st period - Shot by Andrew Agozzino.
18:30 of 1st period - Goal by Andrew Agozzino - CHICOUTIMI MASTODONTES : 1 - QUEBEC NATIONAL : 1.
18:31 of 1st period - Pontus Holmberg wins face-off versus Tanner Fritz in neutral zone.
18:38 of 1st period - Riley Tufte is hit by Tanner Fritz and loses puck.
18:45 of 1st period - Shot by Jake Bean.
18:45 of 1st period - Shot Blocked by Anthony Bitetto.
19:06 of 1st period - Shot by Pontus Holmberg.
19:06 of 1st period - Shot Blocked by Eddie Wittchow.
19:18 of 1st period - Shot by Oliver Wahlstrom.
19:18 of 1st period - Stopped by Yaroslav Askarov with a rebound.
19:20 of 1st period - Shot by Timothy Liljegren.
19:20 of 1st period - Stopped by Yaroslav Askarov without a rebound.
19:21 of 1st period - Tye Kartye wins face-off versus Justin Richards in CHICOUTIMI MASTODONTES zone.
19:46 of 1st period - Shot by Timothy Liljegren.
19:46 of 1st period - Shot Misses the Net.
Goals for this period are 1 for CHICOUTIMI MASTODONTES vs 1 for QUEBEC NATIONAL.
Shots for this period are 6 for CHICOUTIMI MASTODONTES vs 20 for QUEBEC NATIONAL.

2nd period


0:01 of 2nd period - Andrew Agozzino wins face-off versus Ben Jones in neutral zone.
0:31 of 2nd period - Icing by Alex Petrovic.
0:32 of 2nd period - Ben Jones wins face-off versus Tanner Fritz in QUEBEC NATIONAL zone.
0:32 of 2nd period - Zach Benson is hit by Andy Andreoff and loses puck.
0:45 of 2nd period - Jesse Puljujarvi is hit by Zach Giuttari and loses puck.
0:58 of 2nd period - Icing by Zach Giuttari.
0:59 of 2nd period - Andy Andreoff wins face-off versus Tye Kartye in CHICOUTIMI MASTODONTES zone.
0:59 of 2nd period - Malte Stromwall is hit by Carl Grundstrom and loses puck.
1:10 of 2nd period - Shot by Carl Grundstrom.
1:10 of 2nd period - Stopped by Yaroslav Askarov without a rebound.
1:11 of 2nd period - Andrew Agozzino wins face-off versus Pontus Holmberg in CHICOUTIMI MASTODONTES zone.
1:21 of 2nd period - Andrew Agozzino is hit by Jake Bean and loses puck.
1:27 of 2nd period - Minor Penalty to Jake Bean for Hooking.
1:28 of 2nd period - Andy Andreoff wins face-off versus Zach Benson in QUEBEC NATIONAL zone.
1:47 of 2nd period - Shot by Zach Benson.
1:47 of 2nd period - Shot Misses the Net.
3:41 of 2nd period - Shot by Riley Tufte.
3:41 of 2nd period - Shot Misses the Net.
3:43 of 2nd period - Shot by Evgeny Svechnikov.
3:43 of 2nd period - Goal by Evgeny Svechnikov - CHICOUTIMI MASTODONTES : 1 - QUEBEC NATIONAL : 2.
3:44 of 2nd period - Tanner Fritz wins face-off versus Zach Benson in neutral zone.
3:49 of 2nd period - Shot by Logan Hutsko.
3:49 of 2nd period - Shot Blocked by Zach Benson.
3:55 of 2nd period - Shot by Brett Leason.
3:55 of 2nd period - Deflect By Zach Benson.
3:55 of 2nd period - Shot Misses the Net.
3:59 of 2nd period - Shot by Axel Jonsson-Fjallby.
3:59 of 2nd period - Shot Misses the Net.
4:01 of 2nd period - Shot by Brett Leason.
4:01 of 2nd period - Shot Misses the Net.
4:03 of 2nd period - Shot by Lucas Carlsson.
4:03 of 2nd period - Stopped by Yaroslav Askarov without a rebound.
4:04 of 2nd period - Pontus Holmberg wins face-off versus Justin Richards in CHICOUTIMI MASTODONTES zone.
4:11 of 2nd period - Shot by Pontus Holmberg.
4:11 of 2nd period - Shot Blocked by Justin Richards.
4:36 of 2nd period - Icing by Justin Richards.
4:37 of 2nd period - Ben Jones wins face-off versus Justin Richards in CHICOUTIMI MASTODONTES zone.
5:45 of 2nd period - Shot by Brett Ritchie.
5:45 of 2nd period - Stopped by Jaxson Stauber with a rebound.
5:55 of 2nd period - Shot by Andrew Agozzino.
5:55 of 2nd period - Stopped by Jaxson Stauber without a rebound.
5:56 of 2nd period - Tye Kartye wins face-off versus Justin Richards in QUEBEC NATIONAL zone.
6:07 of 2nd period - Shot by Tye Kartye.
6:07 of 2nd period - Deflect By Carl Grundstrom.
6:07 of 2nd period - Shot Misses the Net.
6:09 of 2nd period - Shot by Carl Grundstrom.
6:09 of 2nd period - Shot Misses the Net.
6:15 of 2nd period - Shot by Oliver Wahlstrom.
6:15 of 2nd period - Shot Blocked by Justin Richards.
6:17 of 2nd period - Shot by Carl Grundstrom.
6:17 of 2nd period - Stopped by Yaroslav Askarov without a rebound.
6:18 of 2nd period - Pontus Holmberg wins face-off versus Tanner Fritz in CHICOUTIMI MASTODONTES zone.
6:56 of 2nd period - Shot by Evgeny Svechnikov.
6:56 of 2nd period - Stopped by Yaroslav Askarov without a rebound.
6:57 of 2nd period - Andrew Agozzino wins face-off versus Tye Kartye in CHICOUTIMI MASTODONTES zone.
7:22 of 2nd period - Shot by Carl Grundstrom.
7:22 of 2nd period - Shot Misses the Net.
7:48 of 2nd period - Shot by Zach Benson.
7:48 of 2nd period - Shot Misses the Net.
7:50 of 2nd period - Shot by Lucas Carlsson.
7:50 of 2nd period - Stopped by Yaroslav Askarov without a rebound.
7:51 of 2nd period - Tanner Fritz wins face-off versus Ben Jones in CHICOUTIMI MASTODONTES zone.
7:58 of 2nd period - Shot by Andy Andreoff.
7:58 of 2nd period - Shot Misses the Net.
8:17 of 2nd period - Zach Benson is hit by Zach Giuttari and loses puck.
8:21 of 2nd period - Zach Benson is hit by Jett Woo and loses puck.
8:44 of 2nd period - Shot by Evgeny Svechnikov.
8:44 of 2nd period - Shot Misses the Net.
8:55 of 2nd period - Icing by Zach Giuttari.
8:56 of 2nd period - Tye Kartye wins face-off versus Andy Andreoff in CHICOUTIMI MASTODONTES zone.
8:59 of 2nd period - Shot by Carl Grundstrom.
8:59 of 2nd period - Deflect By Oliver Wahlstrom.
8:59 of 2nd period - Shot Blocked by Jett Woo.
9:01 of 2nd period - Shot by Timothy Liljegren.
9:01 of 2nd period - Stopped by Yaroslav Askarov without a rebound.
9:02 of 2nd period - Tye Kartye wins face-off versus Justin Richards in CHICOUTIMI MASTODONTES zone.
9:11 of 2nd period - Shot by Justin Richards.
9:11 of 2nd period - Stopped by Jaxson Stauber without a rebound.
9:12 of 2nd period - Evgeny Svechnikov wins face-off versus Brett Ritchie in QUEBEC NATIONAL zone.
9:27 of 2nd period - Shot by Timothy Liljegren.
9:27 of 2nd period - Shot Misses the Net.
9:38 of 2nd period - Minor Penalty to Riley Tufte for Holding.
9:39 of 2nd period - Brett Ritchie wins face-off versus Zach Benson in QUEBEC NATIONAL zone.
9:58 of 2nd period - Shot by Brett Ritchie.
9:58 of 2nd period - Deflect By Andrew Agozzino.
9:58 of 2nd period - Shot Misses the Net.
10:00 of 2nd period - Shot by Brett Ritchie.
10:00 of 2nd period - Goal by Brett Ritchie - CHICOUTIMI MASTODONTES : 2 - QUEBEC NATIONAL : 2.
10:01 of 2nd period - Tanner Fritz wins face-off versus Tye Kartye in neutral zone.
11:02 of 2nd period - Icing by Jett Woo.
11:03 of 2nd period - Justin Richards wins face-off versus Ben Jones in CHICOUTIMI MASTODONTES zone.
11:20 of 2nd period - Shot by Jesse Puljujarvi.
11:20 of 2nd period - Deflect By Ben Jones.
11:20 of 2nd period - Stopped by Yaroslav Askarov without a rebound.
11:21 of 2nd period - Pontus Holmberg wins face-off versus Andy Andreoff in CHICOUTIMI MASTODONTES zone.
12:34 of 2nd period - Shot by Brett Ritchie.
12:34 of 2nd period - Stopped by Jaxson Stauber without a rebound.
12:35 of 2nd period - Tye Kartye wins face-off versus Justin Richards in QUEBEC NATIONAL zone.
12:37 of 2nd period - Minor Penalty to Carl Grundstrom for Interference.
12:38 of 2nd period - Andrew Agozzino wins face-off versus Zach Benson in QUEBEC NATIONAL zone.
13:18 of 2nd period - Brett Ritchie is hit by Alex Petrovic and loses puck.
13:36 of 2nd period - Icing by Eddie Wittchow.
13:37 of 2nd period - Andy Andreoff wins face-off versus Axel Jonsson-Fjallby in CHICOUTIMI MASTODONTES zone.
14:00 of 2nd period - Shot by Tanner Fritz.
14:00 of 2nd period - Stopped by Jaxson Stauber with a rebound.
14:39 of 2nd period - Shot by Andrew Agozzino.
14:39 of 2nd period - Stopped by Jaxson Stauber with a rebound.
16:22 of 2nd period - Shot by Zach Benson.
16:22 of 2nd period - Stopped by Yaroslav Askarov with a rebound.
16:24 of 2nd period - Shot by Alex Petrovic.
16:24 of 2nd period - Shot Misses the Net.
16:26 of 2nd period - Shot by Zach Benson.
16:26 of 2nd period - Deflect By Axel Jonsson-Fjallby.
16:26 of 2nd period - Shot Misses the Net.
16:28 of 2nd period - Shot by Brett Leason.
16:28 of 2nd period - Shot Blocked by Zach Giuttari.
16:30 of 2nd period - Shot by Timothy Liljegren.
16:30 of 2nd period - Shot Blocked by Jett Woo.
16:33 of 2nd period - Zach Benson is hit by Jett Woo and loses puck.
16:51 of 2nd period - Minor Penalty to Zach Giuttari for Cross-checking.
16:52 of 2nd period - Tye Kartye wins face-off versus Andy Andreoff in CHICOUTIMI MASTODONTES zone.
16:52 of 2nd period - Tye Kartye is hit by Eddie Wittchow.
18:29 of 2nd period - Shot by Tye Kartye.
18:29 of 2nd period - Stopped by Yaroslav Askarov with a rebound.
18:31 of 2nd period - Shot by Oliver Wahlstrom.
18:31 of 2nd period - Shot Misses the Net.
19:02 of 2nd period - Shot by Pontus Holmberg.
19:02 of 2nd period - Shot Hit the Post.
19:04 of 2nd period - Shot by Riley Tufte.
19:04 of 2nd period - Shot Misses the Net.
19:06 of 2nd period - Shot by Jake Bean.
19:06 of 2nd period - Shot Blocked by Zach Giuttari.
19:21 of 2nd period - Icing by Alexander Alexeyev.
19:22 of 2nd period - Justin Richards wins face-off versus Axel Jonsson-Fjallby in CHICOUTIMI MASTODONTES zone.
19:42 of 2nd period - Minor Penalty to Eddie Wittchow for Hooking.
19:43 of 2nd period - Tanner Fritz wins face-off versus Ben Jones in CHICOUTIMI MASTODONTES zone.
19:53 of 2nd period - Shot by Nils Lundkvist.
19:53 of 2nd period - Shot Hit the Post.
19:55 of 2nd period - Shot by Nils Lundkvist.
19:55 of 2nd period - Shot Misses the Net.
Goals for this period are 1 for CHICOUTIMI MASTODONTES vs 1 for QUEBEC NATIONAL.
Shots for this period are 7 for CHICOUTIMI MASTODONTES vs 10 for QUEBEC NATIONAL.

3rd period


0:01 of 3rd period - Ben Jones wins face-off versus Tanner Fritz in neutral zone.
0:13 of 3rd period - Shot by Timothy Liljegren.
0:13 of 3rd period - Stopped by Yaroslav Askarov with a rebound.
0:15 of 3rd period - Shot by Zach Benson.
0:15 of 3rd period - Shot Misses the Net.
0:17 of 3rd period - Shot by Alex Petrovic.
0:17 of 3rd period - Shot Misses the Net.
0:19 of 3rd period - Shot by Timothy Liljegren.
0:19 of 3rd period - Shot Misses the Net.
0:21 of 3rd period - Shot by Timothy Liljegren.
0:21 of 3rd period - Stopped by Yaroslav Askarov with a rebound.
0:23 of 3rd period - Shot by Alex Petrovic.
0:23 of 3rd period - Deflect By Zach Benson.
0:23 of 3rd period - Shot Misses the Net.
0:27 of 3rd period - Shot by Zach Benson.
0:27 of 3rd period - Stopped by Yaroslav Askarov without a rebound.
0:28 of 3rd period - Tye Kartye wins face-off versus Tanner Fritz in CHICOUTIMI MASTODONTES zone.
1:17 of 3rd period - Brett Ritchie is hit by Jesse Puljujarvi and loses puck.
1:22 of 3rd period - Shot by Zach Benson.
1:22 of 3rd period - Shot Misses the Net.
1:24 of 3rd period - Shot by Jesse Puljujarvi.
1:24 of 3rd period - Deflect By Zach Benson.
1:24 of 3rd period - Stopped by Yaroslav Askarov without a rebound.
1:25 of 3rd period - Tanner Fritz wins face-off versus Zach Benson in CHICOUTIMI MASTODONTES zone.
1:36 of 3rd period - Shot by Timothy Liljegren.
1:36 of 3rd period - Stopped by Yaroslav Askarov without a rebound.
1:37 of 3rd period - Ben Jones wins face-off versus Tanner Fritz in CHICOUTIMI MASTODONTES zone.
1:44 of 3rd period - Shot by Evgeny Svechnikov.
1:44 of 3rd period - Stopped by Yaroslav Askarov without a rebound.
1:45 of 3rd period - Pontus Holmberg wins face-off versus Andrew Agozzino in CHICOUTIMI MASTODONTES zone.
2:45 of 3rd period - Shot by Malte Stromwall.
2:45 of 3rd period - Stopped by Jaxson Stauber without a rebound.
2:46 of 3rd period - Tanner Fritz wins face-off versus Ben Jones in QUEBEC NATIONAL zone.
2:51 of 3rd period - Shot by Kyle Rau.
2:51 of 3rd period - Stopped by Jaxson Stauber without a rebound.
2:52 of 3rd period - Andy Andreoff wins face-off versus Ben Jones in QUEBEC NATIONAL zone.
3:15 of 3rd period - Malte Stromwall is hit by Lucas Carlsson and loses puck.
3:24 of 3rd period - Shot by Ben Jones.
3:24 of 3rd period - Shot Misses the Net.
3:31 of 3rd period - Jesse Puljujarvi is hit by Zach Giuttari and loses puck.
4:05 of 3rd period - Shot by Oliver Wahlstrom.
4:05 of 3rd period - Shot Blocked by Alexander Alexeyev.
4:07 of 3rd period - Shot by Oliver Wahlstrom.
4:07 of 3rd period - Stopped by Yaroslav Askarov without a rebound.
4:08 of 3rd period - Andrew Agozzino wins face-off versus Zach Benson in CHICOUTIMI MASTODONTES zone.
4:14 of 3rd period - Icing by Timothy Liljegren.
4:15 of 3rd period - Andrew Agozzino wins face-off versus Zach Benson in QUEBEC NATIONAL zone.
4:24 of 3rd period - Alexander Alexeyev is hit by Zach Benson and loses puck.
4:38 of 3rd period - Shot by Brett Leason.
4:38 of 3rd period - Deflect By Zach Benson.
4:38 of 3rd period - Stopped by Yaroslav Askarov with a rebound.
4:40 of 3rd period - Shot by Axel Jonsson-Fjallby.
4:40 of 3rd period - Shot Blocked by Eddie Wittchow.
4:42 of 3rd period - Shot by Zach Benson.
4:42 of 3rd period - Shot Misses the Net.
5:06 of 3rd period - Shot by Carl Grundstrom.
5:06 of 3rd period - Shot Misses the Net.
5:25 of 3rd period - Alexander Alexeyev is hit by Oliver Wahlstrom and loses puck.
6:10 of 3rd period - Pontus Holmberg is hit by Jett Woo and loses puck.
6:15 of 3rd period - Shot by Pontus Holmberg.
6:15 of 3rd period - Goal by Pontus Holmberg - CHICOUTIMI MASTODONTES : 2 - QUEBEC NATIONAL : 3.
6:16 of 3rd period - Tanner Fritz wins face-off versus Ben Jones in neutral zone.
6:21 of 3rd period - Shot by Kyle Rau.
6:21 of 3rd period - Shot Misses the Net.
7:15 of 3rd period - Icing by Zach Giuttari.
7:16 of 3rd period - Tanner Fritz wins face-off versus Tye Kartye in CHICOUTIMI MASTODONTES zone.
7:16 of 3rd period - Tanner Fritz is hit by Carl Grundstrom.
7:21 of 3rd period - Minor Penalty to Carl Grundstrom for Diving.
7:22 of 3rd period - Andrew Agozzino wins face-off versus Axel Jonsson-Fjallby in QUEBEC NATIONAL zone.
7:42 of 3rd period - Icing by Andrew Agozzino.
7:43 of 3rd period - Andrew Agozzino wins face-off versus Zach Benson in CHICOUTIMI MASTODONTES zone.
7:50 of 3rd period - Shot by Brett Ritchie.
7:50 of 3rd period - Stopped by Jaxson Stauber without a rebound.
7:51 of 3rd period - Andy Andreoff wins face-off versus Axel Jonsson-Fjallby in QUEBEC NATIONAL zone.
9:00 of 3rd period - Shot by Steven Fogarty.
9:00 of 3rd period - Shot Blocked by Timothy Liljegren.
9:02 of 3rd period - Shot by Steven Fogarty.
9:02 of 3rd period - Goal by Steven Fogarty - CHICOUTIMI MASTODONTES : 3 - QUEBEC NATIONAL : 3.
9:03 of 3rd period - Tanner Fritz wins face-off versus Tye Kartye in neutral zone.
9:10 of 3rd period - Off-side.
9:11 of 3rd period - Tye Kartye wins face-off versus Tanner Fritz in neutral zone.
9:31 of 3rd period - Shot by Carl Grundstrom.
9:31 of 3rd period - Stopped by Yaroslav Askarov without a rebound.
9:32 of 3rd period - Justin Richards wins face-off versus Ben Jones in CHICOUTIMI MASTODONTES zone.
9:32 of 3rd period - Justin Richards is hit by Jesse Puljujarvi.
9:43 of 3rd period - Shot by Timothy Liljegren.
9:43 of 3rd period - Shot Misses the Net.
10:40 of 3rd period - Icing by Alexander Alexeyev.
10:41 of 3rd period - Evgeny Svechnikov wins face-off versus Andy Andreoff in CHICOUTIMI MASTODONTES zone.
10:45 of 3rd period - Pontus Holmberg is hit by Eddie Wittchow and loses puck.
10:55 of 3rd period - Minor Penalty to Eddie Wittchow for Goalie Interference.
10:56 of 3rd period - Oliver Wahlstrom wins face-off versus Tanner Fritz in CHICOUTIMI MASTODONTES zone.
10:57 of 3rd period - Shot by Carl Grundstrom.
10:57 of 3rd period - Shot Blocked by Anthony Bitetto.
11:05 of 3rd period - Shot by Nils Lundkvist.
11:05 of 3rd period - Stopped by Yaroslav Askarov without a rebound.
11:06 of 3rd period - Tanner Fritz wins face-off versus Zach Benson in CHICOUTIMI MASTODONTES zone.
11:32 of 3rd period - Shot by Ben Jones.
11:32 of 3rd period - Shot Misses the Net.
11:34 of 3rd period - Shot by Timothy Liljegren.
11:34 of 3rd period - Shot Blocked by Zach Giuttari.
11:36 of 3rd period - Shot by Zach Benson.
11:36 of 3rd period - Shot Misses the Net.
11:38 of 3rd period - Shot by Ben Jones.
11:38 of 3rd period - Shot Blocked by Zach Giuttari.
11:40 of 3rd period - Shot by Timothy Liljegren.
11:40 of 3rd period - Shot Misses the Net.
11:42 of 3rd period - Shot by Jesse Puljujarvi.
11:42 of 3rd period - Stopped by Yaroslav Askarov without a rebound.
11:43 of 3rd period - Tanner Fritz wins face-off versus Tye Kartye in CHICOUTIMI MASTODONTES zone.
12:08 of 3rd period - Shot by Nils Lundkvist.
12:08 of 3rd period - Shot Blocked by Zach Giuttari.
12:26 of 3rd period - Alexander Alexeyev is hit by Carl Grundstrom and loses puck.
13:34 of 3rd period - Shot by Kyle Rau.
13:34 of 3rd period - Shot Misses the Net.
13:55 of 3rd period - Off-side.
13:56 of 3rd period - Ben Jones wins face-off versus Andrew Agozzino in neutral zone.
14:01 of 3rd period - Shot by Zach Benson.
14:01 of 3rd period - Stopped by Yaroslav Askarov without a rebound.
14:02 of 3rd period - Ben Jones wins face-off versus Andrew Agozzino in CHICOUTIMI MASTODONTES zone.
14:02 of 3rd period - Ben Jones is hit by Eddie Wittchow.
14:07 of 3rd period - Minor Penalty to Anthony Bitetto for Hooking.
14:08 of 3rd period - Ben Jones wins face-off versus Tanner Fritz in CHICOUTIMI MASTODONTES zone.
14:08 of 3rd period - Ben Jones is hit by Jett Woo.
14:16 of 3rd period - Shot by Zach Benson.
14:16 of 3rd period - Stopped by Yaroslav Askarov without a rebound.
14:17 of 3rd period - Ben Jones wins face-off versus Tanner Fritz in CHICOUTIMI MASTODONTES zone.
14:30 of 3rd period - Shot by Zach Benson.
14:30 of 3rd period - Deflect By Ben Jones.
14:30 of 3rd period - Shot Misses the Net.
14:32 of 3rd period - Shot by Zach Benson.
14:32 of 3rd period - Stopped by Yaroslav Askarov with a rebound.
14:34 of 3rd period - Shot by Jesse Puljujarvi.
14:34 of 3rd period - Stopped by Yaroslav Askarov without a rebound.
14:35 of 3rd period - Tye Kartye wins face-off versus Tanner Fritz in CHICOUTIMI MASTODONTES zone.
14:48 of 3rd period - Shot by Nils Lundkvist.
14:48 of 3rd period - Shot Blocked by Zach Giuttari.
15:12 of 3rd period - Shot by Tye Kartye.
15:12 of 3rd period - Goal by Tye Kartye - CHICOUTIMI MASTODONTES : 3 - QUEBEC NATIONAL : 4.
15:13 of 3rd period - Ben Jones wins face-off versus Andrew Agozzino in neutral zone.
15:23 of 3rd period - Shot by Ben Jones.
15:23 of 3rd period - Shot Blocked by Zach Giuttari.
15:25 of 3rd period - Shot by Zach Benson.
15:25 of 3rd period - Stopped by Yaroslav Askarov with a rebound.
15:27 of 3rd period - Shot by Alex Petrovic.
15:27 of 3rd period - Shot Blocked by Jett Woo.
16:38 of 3rd period - Double Minor Penalty to Riley Tufte for Roughing.
16:39 of 3rd period - Zach Benson wins face-off versus Andy Andreoff in QUEBEC NATIONAL zone.
17:01 of 3rd period - Shot by Alexander Alexeyev.
17:01 of 3rd period - Shot Blocked by Timothy Liljegren.
18:01 of 3rd period - Icing by Zach Giuttari.
18:02 of 3rd period - Zach Benson wins face-off versus Andrew Agozzino in CHICOUTIMI MASTODONTES zone.
18:05 of 3rd period - Shot by Jesse Puljujarvi.
18:05 of 3rd period - Shot Misses the Net.
18:16 of 3rd period - Icing by Zach Giuttari.
18:17 of 3rd period - Andrew Agozzino wins face-off versus Carl Grundstrom in CHICOUTIMI MASTODONTES zone.
18:31 of 3rd period - Icing by Steven Fogarty.
18:32 of 3rd period - Andrew Agozzino wins face-off versus Zach Benson in CHICOUTIMI MASTODONTES zone.
18:32 of 3rd period - Andrew Agozzino is hit by Jesse Puljujarvi.
19:46 of 3rd period - Icing by Alexander Alexeyev.
19:47 of 3rd period - Andy Andreoff wins face-off versus Carl Grundstrom in CHICOUTIMI MASTODONTES zone.
19:52 of 3rd period - CHICOUTIMI MASTODONTES, Yaroslav Askarov is pulled from the net.
Goals for this period are 1 for CHICOUTIMI MASTODONTES vs 2 for QUEBEC NATIONAL.
Shots for this period are 4 for CHICOUTIMI MASTODONTES vs 18 for QUEBEC NATIONAL.